Map: Moebius Facility XX-1

Players

Night - Winner!

  • Race: Zerg Zerg
  • Spawn Location: 12:00

PracticeX - Winner!

  • Race: Terran Terran
  • League: Grandmaster
  • Spawn Location: 11:00

KingKong

  • Race: Protoss Protoss
  • Spawn Location: 12:00

Dreamer

  • Race: Terran Terran
  • Spawn Location: 1:00

VOD

Have the link to the VOD?

Description

Time

  • Played on: April 1, 2017, 9:47 p.m.
  • Length: 12:01
Show
View Real Time Build Order
Export as new Build Order

Night Zerg - Winner!

Build Orders: Hatch First 

Get SALT Encoding   

  12  0:01  Drone  
  13  0:15  Overlord  
  13  0:18  Drone  
  14  0:34  Drone x2  
  16  0:38  Drone  
  17  0:54  Hatchery  
  16  1:01  Drone x2  
  18  1:04  Extractor  
  17  1:17  Spawning Pool  
  16  1:20  Drone  
  16  1:24  Drone  
  18  1:35  Drone  
  19  1:47  Overlord  
  19  1:53  Drone  
  20  2:04  Queen  
  20  2:08  Queen  
  22  2:09  Metabolic Boost  
  22  2:11  Zergling x2  
  22  2:14  Zergling x2  
  26  2:17  Drone  
  26  2:21  Drone  
  28  2:26  Overlord  
  28  2:34  Zergling x2  
  29  2:39  Zergling x2  
  29  2:40  Zergling x2  
  31  2:54  Zergling x4  
  33  3:00  Overlord  
  30  3:09  Zergling x4  
  29  3:18  Zergling x12  
  35  3:28  Overlord  
  35  3:29  Zergling x4  
  37  3:39  Overlord  
  37  3:40  Zergling x2  
  34  3:51  Zergling x4  
  31  3:59  Zergling x2  
  31  4:00  Zergling x4  
  29  4:07  Zergling x2  
  22  4:18  Zergling x4  
  24  4:27  Zergling x2  
  23  4:41  Zergling x4  
  24  4:48  Zergling x2  
  24  4:57  Zergling x2  
  23  5:04  Drone  
  24  5:07  Drone  
  25  5:18  Drone x2  
  27  5:23  Drone  
  27  5:28  Drone  
  26  5:39  Drone x2  
  28  5:50  Drone x3  
  31  5:59  Drone x2, Spore Crawler  
  31  6:00  Drone  
  33  6:04  Spore Crawler  
  32  6:16  Drone x2  
  34  6:25  Drone  
  34  6:26  Drone  
  34  6:27  Drone  
  34  6:31  Drone  
  38  6:37  Drone x2  
  40  6:43  Overlord  
  40  6:47  Drone x3  
  43  6:58  Drone  
  43  6:59  Overlord  
  44  7:03  Hatchery  
  43  7:15  Spore Crawler  
  42  7:19  Drone x7  
  49  7:22  Extractor  
  49  7:23  Drone x2  
  50  7:35  Drone x2, Extractor  
  50  7:40  Roach Warren  
  50  7:43  Lair  
  49  7:47  Overlord  
  49  7:48  Drone  
  50  7:52  Drone  
  50  7:53  Drone x2  
  53  8:04  Overlord  
  53  8:10  Overlord x2  
  53  8:12  Evolution Chamber  
  52  8:24  Roach  
  52  8:25  Roach x6  
  65  8:28  Overlord  
  65  8:30  Drone  
  66  8:35  Drone x2  
  66  8:38  Drone x2  
  66  8:40  Drone  
  71  8:42  Drone  
  71  8:44  Drone  
  71  8:46  Zerg Missile Weapons Level 1  
  70  8:49  Glial Reconstitution  
  70  8:51  Drone  
  69  8:58  Roach x3  
  69  9:00  Drone  
  75  9:10  Roach x4  
  75  9:11  Roach  
  85  9:18  Roach x2  
  85  9:19  Roach x2  
  85  9:23  Roach x2  
  97  9:27  Overlord  
  97  9:28  Overseer  
  97  9:37  Roach x3  
  103  9:39  Drone x3  
  103  9:41  Extractor  
  103  9:43  Overlord x2  
  105  9:51  Zergling x2  
  106  9:53  Roach  
  106  9:54  Roach x3  
  114  10:00  Overlord x2  
  114  10:02  Queen  
  116  10:08  Roach x4  
  124  10:16  Roach x3  
  124  10:17  Overlord  
  124  10:18  Overlord  
  130  10:35  Roach  
  124  10:36  Roach x6  
  126  10:46  Roach x4  
  124  10:55  Roach x3  
  116  10:58  Roach  
  112  11:08  Roach x3  
  108  11:21  Roach x5  
  108  11:24  Overseer  
  110  11:30  Evolution Chamber, Extractor  
  104  11:35  Overseer  
  104  11:40  Roach x9  
  104  11:41  Roach x3  
Show
View Real Time Build Order
Export as new Build Order

PracticeX Terran - Winner!

Build Orders: Cyclone Opening, MMM Bio 

Get SALT Encoding   

  12  0:00  SCV  
  13  0:13  SCV  
  14  0:17  Supply Depot  
  14  0:25  SCV  
  15  0:30  Refinery  
  15  0:39  SCV  
  16  0:46  Barracks  
  16  0:51  SCV  
  16  0:53  Refinery  
  17  1:03  SCV  
  18  1:15  SCV  
  19  1:33  Marine  
  19  1:34  Factory, Orbital Command  
  20  1:52  Barracks Reactor  
  20  1:54  Supply Depot  
  20  2:00  SCV  
  21  2:12  SCV  
  22  2:24  SCV  
  23  2:31  Cyclone  
  23  2:32  Cyclone  
  23  2:35  Supply Depot  
  23  2:36  SCV  
  30  2:48  SCV  
  31  3:04  Cyclone x2  
  37  3:23  Command Center  
  37  3:24  Barracks Tech Lab  
  37  3:27  Engineering Bay  
  37  3:32  SCV  
  38  3:39  Supply Depot  
  38  3:44  SCV  
  39  4:00  Widow Mine x2  
  39  4:01  Marine  
  41  4:10  Missile Turret  
  41  4:11  Stimpack  
  41  4:15  SCV  
  39  4:27  SCV  
  44  4:32  Missile Turret  
  40  4:39  Orbital Command, Barracks  
  40  4:40  Barracks  
  40  4:43  SCV  
  41  4:54  Factory Reactor  
  41  4:56  SCV  
  41  4:59  Marine  
  36  5:08  SCV x2, Starport  
  36  5:17  Marine  
  36  5:20  SCV x2  
  39  5:29  Barracks Reactor x2  
  39  5:32  SCV x2  
  39  5:33  Refinery, Terran Infantry Weapons Level 1  
  39  5:35  Marine  
  42  5:39  Widow Mine x2  
  46  5:44  SCV x2  
  48  5:51  Viking x2  
  48  5:53  Marine, Supply Depot  
  48  5:56  SCV  
  54  6:01  SCV  
  55  6:07  Marine  
  55  6:08  SCV, Marine x2  
  55  6:09  Marine  
  60  6:13  SCV  
  60  6:17  Combat Shields, Marine  
  62  6:21  Medivac x2  
  65  6:26  Marine  
  65  6:28  Marine  
  65  6:31  Widow Mine  
  65  6:32  Marine  
  70  6:35  Supply Depot  
  70  6:41  Supply Depot  
  70  6:56  Marine x5, Refinery, Widow Mine  
  70  6:58  SCV, Supply Depot  
  78  7:03  SCV  
  79  7:08  Medivac  
  79  7:09  Medivac  
  79  7:13  Widow Mine  
  79  7:14  Marine  
  86  7:20  Marine x2  
  88  7:28  Terran Infantry Armor Level 1, Command Center  
  88  7:32  Marine x2  
  88  7:33  Marine  
  91  7:44  Marine x2  
  88  7:48  Medivac  
  88  7:50  Marine  
  94  8:05  Marine x2  
  92  8:07  Barracks  
  92  8:09  Barracks  
  92  8:13  Factory Tech Lab  
  88  8:26  Marine x5  
  88  8:27  Medivac x2  
  84  8:32  Siege Tank  
  75  8:36  Engineering Bay  
  75  8:37  Armory  
  75  8:40  Orbital Command  
  75  8:43  Marine  
  75  8:44  Marine x2  
  78  8:51  Marine x2  
  77  8:55  Marine  
  77  8:56  Marine  
  77  9:01  Marine x3  
  82  9:04  Siege Tank  
  82  9:06  Medivac x2  
  82  9:09  Marine x2  
  91  9:11  Orbital Command  
  91  9:12  SCV x2  
  93  9:17  Barracks Reactor  
  93  9:18  Barracks Reactor  
  93  9:22  Supply Depot  
  93  9:24  SCV x2, Supply Depot  
  93  9:26  Marine x3  
  96  9:36  Siege Tank, SCV  
  96  9:39  Marine  
  96  9:40  Terran Infantry Armor Level 2, Terran Infantry Weapons Level 2  
  96  9:41  SCV x2  
  97  9:48  SCV  
  97  9:50  Marine  
  89  9:53  SCV  
  89  9:54  SCV, Supply Depot  
  89  9:55  Terran Vehicle Weapons Level 1, Supply Depot  
  91  10:00  SCV, Marine x3  
  91  10:01  Marine x3  
  98  10:07  Missile Turret  
  98  10:08  SCV x2  
  98  10:09  Marine  
  98  10:10  Marine  
  102  10:16  Siege Tank  
  102  10:20  Marine x4  
  109  10:23  Marine  
  110  10:31  Marine x4  
  108  10:38  Marine x4  
  108  10:41  Marine  
  108  10:42  Liberator x2  
  111  10:45  Refinery  
  111  10:46  Refinery  
  111  10:49  Marine x2  
  113  10:50  Marine x2  
  113  10:56  Marine x3  
  113  10:57  Marine  
  118  10:59  Marine  
  118  11:04  Siege Tank  
  124  11:06  Marine  
  124  11:07  Marine  
  124  11:09  Marine x2  
  127  11:13  Marine  
  127  11:14  Marine x2  
  127  11:16  Marine  
  127  11:17  Marine  
  132  11:20  Supply Depot  
  132  11:24  Marine x2, Supply Depot  
  134  11:31  Marine x2  
  136  11:37  Supply Depot x2  
  134  11:51  Command Center  
Show
View Real Time Build Order
Export as new Build Order

KingKong Protoss 

Build Orders: Oracle Opening, Zealot Archon 

Get SALT Encoding   

  12  0:01  Probe (Chrono Boost)  
  13  0:11  Probe (Chrono Boost)  
  14  0:18  Pylon  
  14  0:22  Probe (Chrono Boost)  
  15  0:36  Probe (Chrono Boost)  
  15  0:39  Gateway  
  16  0:47  Probe (Chrono Boost)  
  17  0:52  Assimilator  
  17  0:57  Probe (Chrono Boost)  
  17  0:58  Assimilator  
  18  1:08  Probe (Chrono Boost)  
  19  1:16  Gateway  
  19  1:20  Probe (Chrono Boost)  
  20  1:29  Cybernetics Core  
  20  1:31  Probe (Chrono Boost)  
  21  1:41  Pylon  
  21  1:44  Probe (Chrono Boost)  
  22  1:54  Probe (Chrono Boost)  
  23  2:06  Adept x2  
  27  2:11  Stargate  
  27  2:20  Pylon  
  27  2:25  Probe (Chrono Boost)  
  27  2:27  Warp Gate  
  28  2:39  Probe (Chrono Boost)  
  29  2:55  Oracle  
  32  3:05  Probe (Chrono Boost)  
  33  3:13  Nexus  
  33  3:17  Probe (Chrono Boost)  
  34  3:24  Pylon  
  34  3:29  Probe (Chrono Boost)  
  35  3:34  Oracle  
  39  3:41  Probe (Chrono Boost)  
  39  3:53  Probe (Chrono Boost)  
  40  4:05  Oracle, Probe (Chrono Boost)  
  45  4:18  Probe (Chrono Boost)  
  45  4:28  Pylon  
  45  4:30  Probe (Chrono Boost)  
  46  4:31  Adept  
  46  4:33  Probe (Chrono Boost)  
  45  4:39  Pylon  
  45  4:41  Adept  
  45  4:42  Probe (Chrono Boost)  
  45  4:44  Pylon  
  41  4:54  Probe (Chrono Boost)  
  41  4:55  Void Ray  
  41  4:59  Pylon  
  36  5:04  Probe (Chrono Boost)  
  36  5:06  Probe (Chrono Boost)  
  42  5:15  Probe (Chrono Boost)  
  42  5:18  Adept  
  43  5:23  Probe (Chrono Boost)  
  43  5:26  Probe (Chrono Boost)  
  45  5:35  Probe (Chrono Boost)  
  46  5:43  Probe (Chrono Boost)  
  46  5:47  Probe (Chrono Boost)  
  47  5:52  Adept  
  47  5:53  Adept  
  51  5:57  Twilight Council  
  51  6:02  Probe x2 (Chrono Boost)  
  53  6:12  Probe x2 (Chrono Boost)  
  53  6:15  Adept  
  53  6:17  Adept  
  59  6:23  Probe x2 (Chrono Boost)  
  61  6:25  Resonating Glaives  
  61  6:33  Probe (Chrono Boost)  
  61  6:34  Probe (Chrono Boost)  
  63  6:43  Adept x2  
  63  6:44  Probe (Chrono Boost)  
  63  6:46  Probe (Chrono Boost)  
  63  6:47  Assimilator x2  
  69  6:51  Templar Archives  
  69  6:59  Probe x2 (Chrono Boost)  
  71  7:04  Pylon  
  71  7:06  Adept x2  
  75  7:11  Probe (Chrono Boost)  
  75  7:14  Probe (Chrono Boost)  
  77  7:19  Pylon  
  78  7:23  Probe (Chrono Boost)  
  78  7:24  Robotics Facility, Probe (Chrono Boost)  
  78  7:28  High Templar x2  
  83  7:34  Archon  
  83  7:35  Probe x2 (Chrono Boost)  
  85  7:43  Pylon  
  85  7:46  Gateway  
  85  7:49  Gateway  
  86  7:53  Probe (Chrono Boost)  
  86  7:57  Forge  
  86  8:02  Probe (Chrono Boost)  
  86  8:15  Probe (Chrono Boost)  
  86  8:16  Adept x2  
  86  8:19  Observer  
  81  8:30  Probe (Chrono Boost)  
  81  8:32  Probe (Chrono Boost)  
  84  8:39  Adept x2  
  87  8:41  Probe (Chrono Boost)  
  87  8:44  Probe (Chrono Boost)  
  87  8:51  Photon Cannon, Protoss Ground Weapons Level 1  
  87  8:52  Probe (Chrono Boost)  
  89  8:56  Probe (Chrono Boost)  
  89  8:58  Observer, High Templar  
  89  9:02  Probe (Chrono Boost)  
  91  9:08  Probe (Chrono Boost)  
  92  9:13  Probe (Chrono Boost)  
  93  9:17  Observer, High Templar  
  93  9:20  Probe (Chrono Boost)  
  93  9:23  Probe (Chrono Boost)  
  98  9:30  High Templar x2  
  102  9:45  Psionic Storm  
  102  9:52  Nexus, Pylon  
  102  10:01  Pylon  
  102  10:03  Pylon  
  102  10:05  Immortal, Pylon  
  102  10:06  Assimilator  
  102  10:09  Assimilator  
  102  10:12  Probe (Chrono Boost)  
  107  10:17  Sentry  
  108  10:24  Probe (Chrono Boost)  
  108  10:25  Archon x2  
  109  10:33  Adept x3  
  83  10:44  Probe (Chrono Boost)  
  83  10:45  Gateway  
  83  10:47  Gateway  
  83  10:49  Adept, Gateway  
  66  10:55  Adept x3  
  72  11:02  Immortal  
  70  11:11  Adept  
  64  11:20  Adept x3  
Show
View Real Time Build Order
Export as new Build Order

Dreamer Terran 

Build Orders: Reaper Expand, Bio Tank 

Get SALT Encoding   

  12  0:00  SCV  
  13  0:13  SCV  
  14  0:20  Supply Depot  
  14  0:25  SCV  
  15  0:31  Refinery  
  15  0:42  SCV  
  16  0:44  Barracks  
  16  0:54  SCV  
  17  1:06  SCV  
  18  1:18  SCV  
  19  1:32  Orbital Command, Reaper  
  20  1:44  Command Center  
  20  1:54  Factory  
  20  1:57  SCV  
  21  2:03  Refinery  
  21  2:10  Barracks Reactor  
  21  2:12  SCV  
  22  2:19  Supply Depot  
  22  2:24  SCV  
  23  2:38  Factory Tech Lab  
  23  2:41  SCV  
  24  2:47  Marine x2  
  26  2:53  SCV  
  26  2:56  Siege Tank  
  26  2:58  Orbital Command  
  30  3:05  SCV  
  31  3:07  Marine x2  
  32  3:17  SCV  
  33  3:26  SCV, Starport  
  34  3:27  Marine  
  34  3:28  Marine  
  34  3:29  SCV  
  37  3:37  Siege Tank  
  37  3:38  SCV  
  41  3:41  SCV  
  41  3:47  Marine x2  
  44  3:50  SCV  
  44  3:51  Supply Depot  
  44  3:52  Supply Depot  
  44  3:53  SCV  
  46  4:04  Liberator  
  39  4:12  SCV, Marine, Supply Depot  
  39  4:13  Siege Tank, Marine  
  37  4:17  SCV  
  41  4:24  SCV  
  41  4:29  SCV  
  41  4:30  Marine  
  41  4:31  Marine  
  38  4:41  SCV  
  35  4:49  Marine  
  35  4:50  Siege Tank  
  34  4:58  Supply Depot  
  32  5:07  Marine  
  32  5:11  SCV  
  32  5:13  SCV  
  34  5:24  SCV  
  34  5:25  SCV, Marine  
  37  5:36  SCV  
  37  5:37  SCV  
  39  5:42  Marine  
  39  5:46  Siege Tank  
  39  5:48  SCV  
  39  5:49  SCV  
  45  6:00  SCV  
  45  6:01  SCV  
  47  6:05  Barracks Reactor  
  47  6:12  SCV  
  47  6:13  SCV  
  47  6:18  Siege Tank  
  52  6:24  SCV  
  50  6:25  SCV  
  51  6:34  Command Center  
  51  6:36  SCV  
  51  6:38  SCV, Supply Depot  
  51  6:39  Supply Depot  
  53  6:48  SCV  
  54  6:58  Stimpack  
  54  6:59  SCV  
  54  7:00  SCV  
  56  7:08  Engineering Bay  
  56  7:09  Refinery  
  56  7:10  Refinery, Engineering Bay  
  56  7:11  SCV  
  56  7:12  SCV  
  56  7:13  Viking x2  
  62  7:19  Supply Depot  
  62  7:23  SCV  
  62  7:25  SCV  
  64  7:35  Barracks  
  64  7:36  SCV  
  64  7:37  SCV, Barracks  
  66  7:38  Barracks  
  61  7:48  SCV  
  61  7:49  SCV, Marine  
  61  7:50  Viking  
  56  7:56  Orbital Command  
  48  8:00  SCV  
  48  8:01  SCV  
  50  8:07  Factory Tech Lab  
  50  8:12  SCV  
  51  8:13  SCV  
  52  8:22  SCV  
  52  8:24  SCV  
  52  8:25  SCV  
  51  8:29  Marine  
  51  8:31  Barracks Tech Lab, Viking x2  
  51  8:32  Barracks Reactor x2  
  51  8:33  Barracks Reactor  
  56  8:34  SCV  
  56  8:36  SCV  
  56  8:37  SCV  
  59  8:41  Siege Tank  
  59  8:46  SCV  
  63  8:48  SCV  
  63  8:49  SCV  
  63  8:54  Barracks  
  63  8:55  Barracks  
  58  8:58  SCV, Terran Infantry Weapons Level 1  
  58  9:00  SCV  
  60  9:08  SCV  
  61  9:13  Combat Shields, Marine x4  
  65  9:19  SCV  
  65  9:20  SCV  
  67  9:27  SCV  
  51  9:41  Marine  
  51  9:42  Siege Tank, Marine x3  
  57  9:56  SCV x2  
  57  9:57  Terran Infantry Armor Level 1  
  59  10:00  Marine  
  59  10:01  Barracks Reactor  
  59  10:07  SCV  
  61  10:12  Marine x4  
  61  10:13  Marine x2  
  67  10:15  SCV  
  67  10:17  Barracks Reactor  
  67  10:18  Marine  
  69  10:30  Marine x3  
  69  10:32  SCV  
  66  10:36  Marine x2  
  66  10:37  Marine  
  66  10:38  Marine  
  66  10:39  Marine  
  66  10:41  Marine  
  65  10:46  Siege Tank  
  65  10:47  Marine x2  
  68  10:51  Marine  
  68  10:54  Marine x3  
  68  10:55  Marine x2  
  68  10:56  Marine  
  63  10:57  Marine  
  63  10:58  Marine  
  57  11:05  Marine x2  
  57  11:09  Marine  
  58  11:12  Marine x3  
  58  11:13  Marine x2  
  58  11:14  Marine  
  58  11:15  Marine  
  69  11:23  Marine x2  
  67  11:27  Marine, Starport  
  67  11:29  Marine  
  66  11:36  Marine x2  
  65  11:41  Marine  
Tags
 
Add a new tag
Caveats
  • Supply blocks, unpowered buildings, or Contaminate may cause inaccurate times.
  • Supply counts are checked every 10 seconds.